 Dungeon Crawl Stone Soup version 0.23.2-33-g5129a83184 (webtiles) character file.

Game seed: 12989088206406000532

46 StoneBoyers the Skirmisher (level 3, 0/34 HPs)
             Began as a Naga Fighter on July 7, 2019.
             Was an Initiate of Qazlal.
             Splashed by a jelly's acid (7 damage)
             ... on level 3 of the Dungeon.
             The game lasted 00:15:41 (1634 turns).

StoneBoyers the Skirmisher (Naga Fighter)           Turns: 1634, Time: 00:15:41

Health: 0/34       AC: -1    Str: 18    XL:     3   Next: 68%
Magic:  3/3        EV:  3    Int:  8    God:    Qazlal [......]
Gold:   162        SH:  8    Dex: 11    Spells: 2/2 levels left

rFire    . . .     SeeInvis +   x - +0 rapier
rCold    . . .     Gourm    .   c - +0 shield
rNeg     . . .     Faith    .   A - +0 chain mail
rPois    +         Spirit   .   (no helmet)
rElec    .         Reflect  .   (no cloak)
rCorr    .         Harm     .   (no gloves)
MR       .....                  (no barding)
Stlth    ..........             (no amulet)
HPRegen  0.11/turn              (no ring)
MPRegen  0.08/turn              (no ring)

@: corroded, very slow
A: large, see invisible, deformed body, poison resistance, slowness 2, slow
metabolism 1, spit poison 1, AC +1
a: Spit Poison, Renounce Religion


You were on level 3 of the Dungeon.
You worshipped Qazlal.
Qazlal was noncommittal.
You were not hungry.

You visited 1 branch of the dungeon, and saw 3 of its levels.

You collected 162 gold pieces.

Inventory:

Hand Weapons
 a - a +0 long sword
 h - a +0 club
 i - a +0 dagger
 k - a +0 club
 l - a +0 spear
 m - a cursed +0 club
 q - a +0 club
 x - a +0 rapier (weapon)
 z - a +0 spear
Missiles
 e - 59 stones (quivered)
 j - 50 arrows
 p - 51 sling bullets
 D - 3 large rocks
Armour
 b - a +0 scale mail
 c - a +0 shield (worn)
 g - a +0 robe
 n - a +0 leather armour
 y - a +0 leather armour
 A - a +0 chain mail (worn)
Scrolls
 o - 2 scrolls of amnesia {unknown}
 r - 3 scrolls of remove curse
 v - a scroll of fear {unknown}
 C - 2 scrolls of enchant weapon {unknown}
Potions
 d - a potion of might
 s - a potion of agility {unknown}
 t - a potion of haste {unknown}
 u - a potion of cancellation {unknown}
 w - a potion of brilliance {unknown}
Comestibles
 f - a ration
 B - 2 chunks of flesh


   Skills:
 + Level 3.3 Fighting
 + Level 2.3 Long Blades
 + Level 3.0 Armour
 + Level 0.1 Dodging
 + Level 0.4 Stealth
 + Level 2.7 Shields


You had 2 spell levels left.
You didn't know any spells.
Your spell library contained the following spells:

 Spells                   Type           Power        Failure   Level  Hunger
 Confusing Touch          Hex            #.....       100%        1    ##.....
 Confuse                  Hex            #.......     100%        3    ####...
 Gell's Gravitas          Tloc           #.........   100%        3    ####...
 Petrify                  Tmut/Erth      #.......     100%        4    #####..
 Metabolic Englaciation   Hex/Ice        #.........   100%        5    ######.
 Yara's Violent Unravell  Hex/Tmut       #.........   100%        5    ######.


Dungeon Overview and Level Annotations

Branches:
Dungeon (3/15)

Altars:
Qazlal


Innate Abilities, Weirdness & Mutations

You cannot wear boots.
Your serpentine skin is tough. (AC +1)
You have supernaturally acute eyesight. (SInv)
Armour fits poorly on your strangely shaped body.
Your system is resistant to poisons. (rPois)
You cover ground very slowly.
You have a slow metabolism.
You can spit poison.


Message History

Found an escape hatch in the floor.
You now have 162 gold pieces (gained 13).
Found 3 large rocks.
You see here 3 large rocks.
D - 3 large rocks A jelly comes into view.
The jelly quivers.
The jelly hits you but does no damage.
You hit the jelly.
Your hands burn!
The jelly is lightly wounded.
The jelly hits you. The acid corrodes you!
You are splashed with acid!
Your chain mail prevents you from hitting the jelly.
The jelly is lightly wounded.
The jelly hits you but does no damage. The jelly hits you.
The acid corrodes you!
You are splashed with acid!
* * * LOW HITPOINT WARNING * * *
The jelly hits you.
* * * LOW HITPOINT WARNING * * *
You are splashed with acid!
You die...

#.###........
#...........#.
#####.#####.#.
########.# #.#
##......#รท# ...
##...###.#.# ...
#..........# ..
######.###...##.#
#..J@..........#
#..#########....##
#.. #....# #..
#..#.# #.. #.....#
#.. ...###.# #.#
##### #.. #. #> .#


You could see a jelly.

Vanquished Creatures
  An adder (D:2)
  A leopard gecko (D:1)
  2 ball pythons
  8 goblins
  5 hobgoblins
  A jackal (D:2)
  5 bats
  4 frilled lizards
  3 kobolds
  5 rats
35 creatures vanquished.

Notes
Turn   | Place    | Note
-------+----------+-------------------------------------------
     0 | D:1      | StoneBoyers the Naga Fighter began the quest for the Orb.
     0 | D:1      | Reached XP level 1. HP: 21/21 MP: 1/1
   157 | D:1      | Reached XP level 2. HP: 28/28 MP: 2/2
   540 | D:1      | Reached XP level 3. HP: 24/34 MP: 3/3
  1019 | D:2      | Found a stormy altar of Qazlal.
  1032 | D:2      | Became a worshipper of Qazlal Stormbringer
  1634 | D:3      | Splashed by a jelly's acid

Skill      XL: |  1  2  3 |
---------------+----------+-----
Armour         | 3 |  3.0
Fighting       | |  3.3
Long Blades    | |  2.3
Dodging        | |  0.1
Stealth        | |  0.4
Shields        | |  2.7

Action                   || total
-------------------------++-------
Melee: Long sword        ||    81
       Rapier            ||    38
       Spear             ||     5
  Use: Scroll            ||     5
  Eat: Ration            ||     1
Armor: Scale mail        ||    82
       Chain mail        ||     5
Dodge: Dodged            ||    33
Block: Shield            ||    60
       Rpst.: Long sword ||     8
